[Event "*** Titled Tuesday Blitz"]
[Site "Chess.com"]
[Date "2019.06.04"]
[Round "4"]
[White "GadimbayliA"]
[Black "xamax2000"]
[Result "1/2-1/2"]
[WhiteElo "2849"]
[BlackElo "2672"]
[TimeControl "180+2"]
[EndTime "13:56:02 PDT"]
[Termination "Game drawn by repetition"]

1. e4 e5 2. Nf3 Nc6 3. Nc3 Nf6 4. d4 exd4 5. Nxd4 Bb4 6. Nxc6 bxc6 7. Bd3 d5 8. exd5 O-O 9. O-O Bg4 10. f3 Bh5 11. dxc6 Qd4+ 12. Kh1 Bxc3 13. bxc3 Qxc3 14. Bg5 Qxc6 15.
Qe1 Bg6 16. Bxf6 Qxf6 17. Qa5 Qb6 18. Qc3 Bxd3 19. cxd3 Rad8 20. Rfe1 Rd7 21. Re4 Qa6 22. Rc4 Re8 23. a3 Qd6 24. d4 h6 25. Rc1 Ree7 26.
Rb4 c5 27. Rc4 cxd4 28. Qd3 g6 29. Rd1 Re3 30. Qd2 Rxa3 31. h3 Kg7 32. Qb2 Qe7 33.
Rcxd4 Rxd4 34. Rxd4 Qe1+ 35. Kh2 Qe5+ 36. f4 Qf6 37.
Qd2 Ra2 38. Qe3 a5 39. Rc4 a4 40. Rc8 a3 41. Ra8 Rxg2+ 42. Kxg2 Qc6+ 43. Qf3 Qc2+ 44. Kg3 Qc1 45. Qxa3 Qg1+ 46. Kf3 Qf1+ 47. Ke4 Qe2+ 48. Kd5 Qb5+ 49. Kd6 Qb6+ 50. Kd5 Qb5+ 51. Kd4 Qb6+ 52. Kd3 Qb5+ 53. Kc2 Qe2+ 54. Kb1 Qd1+ 55. Ka2 Qd5+ 56. Ka1 Qd1+ 57. Kb2 Qd2+ 58. Kb3 Qd3+ 59. Ka2 Qd5+ 60. Kb1 Qe4+ 61. Kb2 Qe2+ 62. Kc3 Qe3+ 63. Kc4 Qxf4+ 64. Kb5 Qf1+ 65. Kb6 Qb1+ 66. Ka7 Qg1+ 67. Kb7 Qg2+ 68. Kb6 Qf2+ 69. Qc5 Qb2+ 70. Kc7 Qh2+ 71. Qd6 Qc2+ 72. Kd8 Qc3 73. Ra4 Kh7 74. Rf4 Kg8 75. Kd7 Qa5 76. Qb8+ Kg7 77. Qd6 Qb5+ 78. Kc8 Kg8 79. Qd8+ Kg7 80. Qc7 Qd5 81. Qc3+ Kg8 82. Qc7 Qa8+ 83.
Kd7 Qd5+ 84. Qd6 Qb7+ 85. Ke8 Qa8+ 86. Qd8 Qb7 87. Qd6 Qa8+ 88. Kd7 Qb7+ 89. Qc7 Qd5+ 90. Ke8 Qe6+ 91. Kd8 Qd5+ 92. Kc8 Qa8+ 93. Kd7 Qd5+ 1/2-1/2

[Event "*** Titled Tuesday Blitz"]
[Site "Chess.com"]
[Date "2019.06.04"]
[Round "4"]
[White "RitvarsReimanis"]
[Black "Anaiy"]
[Result "1/2-1/2"]
[WhiteElo "2626"]
[BlackElo "1997"]
[TimeControl "180+2"]
[EndTime "13:56:14 PDT"]
[Termination "Game drawn by repetition"]

1. d4 d5 2. c4 e6 3. Nc3 Be7 4. Nf3 Nf6 5. cxd5 exd5 6. Bg5 c6 7. Qc2 O-O 8. e3 Nbd7 9. Bd3 h6 10. Bf4 Re8 11. O-O Nf8 12. Rab1 a5 13. a3 Bd6 14.
Bg3 Bxg3 15. hxg3 Qe7 16. b4 axb4 17. axb4 Ne4 18. Bxe4 dxe4 19. Nd2 Bf5 20. b5 Nd7 21. bxc6 bxc6 22. Rb7 c5 23. Nd5 Qe6 24. Nc7 Qc6 25.
Nxe8 Qxb7 26. Nd6 Qd5 27. Nxf5 Qxf5 28. Qxe4 Qxe4 29. Nxe4 cxd4 30. exd4 Ra4 31. Rd1 Kf8 32. f3 Nf6 33. Nxf6 gxf6 34. g4 Ke7 35. Re1+ Kd6 36. Re4 Ra5 37. Kf2 h5 38. gxh5 Rxh5 39. Re8 Kd5 40. Ke3 Rh2 41. g4 Ra2 42. Rd8+ Ke6 43. Rb8 f5 44. Rb6+ Kd5 45. Rb5+ Kc4 46. Rc5+ Kb4 47. Rxf5 Ra3+ 48. Ke4 Ra7 49. Rc5 Re7+ 50. Re5 Rd7 51. f4 Kc3 52. Rc5+ Kd2 53. g5 Ke2 54. Rd5 Re7+ 55. Re5 Rd7 56. Ra5 Re7+ 57. Re5 Rd7 58. d5 Kf2 59. Kf5 Kf3 60. g6 fxg6+ 61. Kg5 Rd6 62.
f5 gxf5 63. Kxf5 Kg3 64. Ke4 Kg4 65. Re6 Rd8 66. Rg6+ Kh5 67. Rg1 Kh6 68. Ke5 Kh7 69.
d6 Re8+ 70. Kf6 Re2 71. d7 Rd2 72. Rg4 Rxd7 73. Rh4+ Kg8 74. Rg4+ Kf8 75. Ke6 Rg7 76. Ra4 Kg8 77. Kf6 Rf7+ 78. Kg6 Rf8 79. Ra7 Rb8 80. Rg7+ Kh8 81. Rd7 Rb6+ 82. Kf7 Rb8 83. Rd6 Rb7+ 84. Kf8 Rb8+ 85. Kf7 Rb7+ 86. Kg6 Rb8 87. Rc6 Rd8 88.
Rc7 Rd6+ 89. Kf7 Ra6 90. Rc8+ Kh7 91. Rc7 Kh6 92. Rc8 Kg5 93. Rc5+ Kf4 94. Rb5 Ke4 95.
Rh5 Kd4 96. Rh4+ Ke3 97. Ke7 Kf3 98. Kd7 Kg3 99. Rb4 Kf3 100. Kc7 Rh6 101. Kd7 Ke3 102. Ke7 Kf3 103. Kf7 Ra6 104. Rc4 Ke3 105. Ke7 Kd3 106. Rh4 Ke3 107. Kd7 Kd3 108. Rg4 Ke3 109. Kc7 Rh6 110. Kd7 Kf3 111. Rc4 Ke3 112. Ke7 Kd3 113. Rg4 Ra6 114. Kf7 Ke3 115. Ke7 Kd3 116. Kd7 Ke3 117. Ke7 Kd3 1/2-1/2

[Event "*** Titled Tuesday Blitz"]
[Site "Chess.com"]
[Date "2019.06.04"]
[Round "4"]
[White "VerdeNotte"]
[Black "Slovak_fighter2000"]
[Result "1/2-1/2"]
[WhiteElo "2772"]
[BlackElo "2497"]
[TimeControl "180+2"]
[EndTime "13:56:23 PDT"]
[Termination "Game drawn by agreement"]

1. g3 d5 2. Bg2 Nf6 3. Nf3 c6 4. b3 Bf5 5. Bb2 e6 6. Nh4 Bg6 7. d3 Be7 8. Nxg6 hxg6 9. e3 Nbd7 10. Nd2 a5 11. a3 Qc7 12. Qe2 O-O 13. e4 dxe4 14.
Nxe4 Nxe4 15. dxe4 Bf6 16. Bxf6 Nxf6 17. O-O e5 18. a4 Rfd8 19. c3 Rd6 20. Rfd1 Rad8 21. Bf3 Rxd1+ 22. Rxd1 Rxd1+ 23. Qxd1 Qd7 24. Qxd7 Nxd7 25.
Bd1 c5 26. Be2 Nf6 27. f3 Kf8 28. h4 Ke7 29. Kf2 Ne8 30. Ke3 Nd6 31. f4 f6 32.
Bf1 b6 33. Bd3 Kf7 34. f5 g5 35. Kf3 gxh4 36. gxh4 Kg8 37. Kg4 Kh7 38. Kh5 Nc8 39. Bc4 Nd6 40. Bd5 Ne8 41. Kg4 Nd6 42. Kf3 Kh6 43. Kg3 Kh5 44. Kh3 Kh6 45. Kg4 Ne8 46. Bc4 Nd6 47. Bd3 Ne8 48. Kh3 Nd6 49. Kg3 Kh5 50. Be2+ Kh6 51. Kf3 Kh5 52. Kg3+ Kh6 53.
Bf3 Kh7 54. Kf2 Kg8 55. Ke3 Kf7 56. Be2 Kg8 57. Kd3 Kf7 58. Bh5+ Kf8 59. Bf3 Kf7 60.
b4 Kf8 61. Kc2 Kf7 62. Kb3 Kf8 63. Kb2 Nc4+ 64. Kc2 Nd6 65. bxc5 bxc5 66. Kd3 Ke7 67. Bd1 Kf8 68. Bb3 Ke7 69. Bd5 Kf8 70. Ke3 Nc8 71. Kf3 Nb6 72. Bb3 c4 73. Bd1 Kg8 74.
Ke3 Kh7 75. Kd2 Kg8 76. Be2 Kf8 77. Bd1 Ke7 78. Ke3 Kf8 79. Kf3 Kg8 80. Kg4 Kh7 81. Kg3 Kg8 82. Kf2 Kf7 83. Ke3 Ke7 84. Kd2 Kd6 85. Kc1 Ke7 86. Kb2 Kd6 87. Ka3 Kc5 88. Bh5 Nc8 89. Kb2 Nd6 90. Bf3 Nc8 91. Kc1 Nb6 92. Bd1 Kd6 93. Kb1 Kc5 94. Kb2 Kd6 95.
Ka3 Kc5 96. Be2 Kd6 97. Bh5 Kc5 98. Be8 Nc8 99. Bh5 Nd6 100. Bf3 Nc8 101. Be2 Nd6 102. Bf3 Nc8 103. Bg2 Nd6 104. Kb2 Nc8 105. Bf3 Nb6 106. Bd1 1/2-1/2

[Event "*** Titled Tuesday Blitz"]
[Site "Chess.com"]
[Date "2019.06.04"]
[Round "4"]
[White "maciek_92"]
[Black "IIIlllII1llIl"]
[Result "1/2-1/2"]
[WhiteElo "2682"]
[BlackElo "2767"]
[TimeControl "180+2"]
[EndTime "13:56:31 PDT"]
[Termination "Game drawn by repetition"]

1. e4 c5 2. Nf3 d6 3. d4 cxd4 4. Nxd4 Nf6 5. Nc3 a6 6. Be2 e5 7. Nf3 Be7 8. Bg5 Nbd7 9. a4 b6 10. Nd2 Bb7 11. Nc4 Qc7 12. Ne3 O-O 13. O-O Rfe8 14. Bc4 h6 15. Bxf6 Nxf6 16. Bd5 Rac8 17. Qd3 Nxd5 18. Ncxd5 Bxd5 19. Nxd5 Qxc2 20. Qxa6 Bg5 21.
Qxb6 Qxe4 22. Nc3 Qc2 23. a5 Rb8 24. Qxd6 Red8 25. Qxe5 Bf6 26. Qe4 Qxb2 27. Nd5 Qxa1 28. Rxa1 Bxa1 29. g3 Re8 30. Qa4 Re1+ 31. Kg2 Rd8 32. a6 Rxd5 33. a7 Rd8 34. a8=Q Rxa8 35. Qxa8+ Kh7 36. Qd5 Kg8 37. Qd8+ Kh7 38. Qd2 Re8 39.
Qd7 Rf8 40. h4 Bf6 41. Qf5+ Kg8 42. Kh3 Ba1 43. g4 g6 44. Qb1 Bg7 45. h5 g5 46.
f4 gxf4 47. Qe4 Rd8 48. Qxf4 Rd5 49. Qb8+ Kh7 50. Qe8 Rg5 51. Qxf7 Kh8 52. Kg3 Kh7 53. Qe8 Bf6 54. Kf4 Bg7 55. Qd8 Be5+ 56. Kf3 Bg7 57. Qc8 Bf6 58. Qc2+ Kh8 59. Qc6 Bg7 60. Qe6 Kh7 61.
Kf4 Kh8 62. Qe7 Kh7 63. Qe8 Bf6 64. Ke4 Bg7 65. Qf7 Kh8 66. Qe8+ Kh7 67. Qd7 Kh8 68.
Kf4 Be5+ 69. Kf3 Bg7 70. Qd8+ Kh7 71. Kf4 Be5+ 72. Ke4 Bg7 73. Kf3 Be5 74. Qd3+ Kh8 75. Ke4 Bg7 76. Qf3 Kh7 77. Qf7 Rxg4+ 78. Kf5 Rg5+ 79. Ke6 Re5+ 80. Kd7 Rg5 81. Qf3 Re5 82. Kd6 Kh8 83. Qa8+ Kh7 84. Qf3 Kg8 85. Qg4 Kh7 86. Qg6+ Kg8 87. Kd7 Kh8 88. Qf7 Kh7 89. Qf3 Kg8 90. Qd3 Kh8 91. Qh3 Kg8 92. Kd6 Kh8 93. Qc8+ Kh7 94. Qa8 Re3 95. Qd5 Re5 96. Qf7 Rg5 97.
Qe8 Re5 98. Qf7 Rg5 99. Kd7 Re5 100. Qg6+ Kg8 101. Qg4 Kh7 102. Qf3 Kg8 103. Qa8+ Kh7 104. Qf3 1/2-1/2

[Event "*** Titled Tuesday Blitz"]
[Site "Chess.com"]
[Date "2019.06.04"]
[Round "4"]
[White "slowdumbb"]
[Black "PaulfromSPb"]
[Result "0-1"]
[WhiteElo "2415"]
[BlackElo "2666"]
[TimeControl "180+2"]
[EndTime "13:56:43 PDT"]
[Termination "PaulfromSPb won by resignation"]

1. g3 d5 2. Bg2 e5 3. d3 Nf6 4. Nf3 Bd6 5. O-O c6 6. c4 O-O 7. cxd5 cxd5 8. Nc3 h6 9. Nb5 Nc6 10. Nxd6 Qxd6 11. Bd2 Bg4 12. h3 Bh5 13. Rc1 e4 14.
Ne1 Rfe8 15. Bf4 Qb4 16. dxe4 dxe4 17. g4 Bg6 18. Qd2 Qb5 19. e3 Rad8 20. Qc2 Nd5 21.
Bg3 Ndb4 22. Qb3 Na5 23. Qa3 Nc4 24. Qc3 Nd2 25. Qc7 Nxa2 26. Rc5 Qxb2 27. Rc2 Qb3 28. Bh4 Rd5 29. Kh2 Nxf1+ 30. Bxf1 Nb4 31. Bc4 Qb1 32.
Bxd5 Qxe1 33. Rc5 Nxd5 34. Rxd5 Qb4 35. Qd7 Ra8 36. Rb5 Qc4 37. Rxb7 a5 38. Rc7 Qa6 39. Bg3 a4 40. h4 h5 41. Be5 a3 42. Qd4 a2 43. Qa1 f6 44. gxh5 Bxh5 45. Qg1 Bf7 46. Ba1 Qd6+ 47. Qg3 Qxg3+ 48. Kxg3 Rb8 49. Bd4 Rb1 50.
Ra7 Be6 51. Kf4 Rf1 52. Kg3 Kf8 53. h5 Kg8 54. h6 gxh6 55. Bxf6 Kf8 56. Bd4 h5 57.
Kh4 Rh1+ 58. Kg5 Bb3 59. Kg6 Ke8 60. Kf5 Rf1 61. Kg5 Rxf2 62. Kxh5 Rd2 63. Kg4 Rf2 64. Kg3 Rf3+ 65. Kg4 Rf1 66. Ra3 Be6+ 67. Kg5 Kd7 68.
Ra6 Bc4 69. Ra4 Be6 70. Ra6 Rf5+ 71. Kg6 Rf2 72. Kg5 Bc4 73. Ra4 Bd3 74. Kg4 Kc6 75.
Kg3 Rc2 76. Kf4 Kd5 77. Ra5+ Kc4 78. Ke5 Kb3 79. Ra8 Rc4 80. Rb8+ Rb4 81. Rc8 Ra4 82. Ba1 Ra5+ 83. Kd4 Ra4+ 84. Ke5 Bb1 85. Rc3+ Kb4 86. Rc7 Ra8 87. Rd7 Kc4 88. Rc7+ Kd3 89. Rc3+ Kd2 90.
Rb3 Bd3 91. Kd4 Ra4+ 92. Kc5 Kxe3 93. Rb4 Ra8 94. Rb6 Kd2 95. Kb4 e3 96. Kb3 e2 97.
Rc6 e1=Q 98. Bc3+ Kd1 99. Bxe1 a1=Q 0-1

[Event "*** Titled Tuesday Blitz"]
[Site "Chess.com"]
[Date "2019.06.04"]
[Round "4"]
[White "johnathan113"]
[Black "jk13"]
[Result "1/2-1/2"]
[WhiteElo "2744"]
[BlackElo "2541"]
[TimeControl "180+2"]
[EndTime "13:58:00 PDT"]
[Termination "Game drawn by repetition"]

1. e4 e5 2. Nf3 Nc6 3. d4 exd4 4. Nxd4 Bb4+ 5. c3 Bc5 6. Be3 Bb6 7. Nf5 Bxe3 8.
Nxe3 Nf6 9. f3 O-O 10. c4 d6 11.
Nc3 Nd7 12. Qd2 Nc5 13. Be2 f5 14. exf5 Bxf5 15. O-O Bg6 16. Rae1 a5 17. Ned5 Nb4 18. Nb5 c6 19. Nxb4 axb4 20. Nxd6 Rxa2 21. Rd1 Qf6 22. Qxb4 Qxb2 23. Qxc5 Qxe2 24. Qf2 b6 25. Qxe2 Rxe2 26. Rfe1 Rxe1+ 27. Rxe1 Rd8 28. Re6 Bc2 29.
Nb7 Rd7 30. Nd6 h6 31. Kf2 Kh7 32. g4 Bb3 33. h4 b5 34. g5 hxg5 35. hxg5 g6 36.
Ne4 Bxc4 37. Rxc6 Kg7 38. Rb6 Re7 39. Kg3 Rf7 40. Nd6 Re7 41. Ne4 Rf7 42. Nf6 Re7 43.
Rb8 Kf7 44. Rb6 Kg7 45. Kf4 Rf7 46. Rb8 Re7 47. Rb6 Kf7 48. Ng4 Kg7 49. Ne5 Bf7 50. Rxb5 Rc7 51. Rb6 Be8 52. Re6 Bf7 53. Rf6 Be8 54. Ke4 Ra7 55. Rb6 Re7 56. f4 Bf7 57. Kf3 Be6 58. Kg3 Bf5 59. Kf3 Rc7 60. Ke3 Ra7 61.
Kd4 Ra4+ 62. Kd5 Ra7 63. Kd6 Kh7 64. Rc6 Kg7 65. Nc4 Rd7+ 66. Ke5 Re7+ 67. Kd6 Re6+ 68. Kc7 Rxc6+ 69. Kxc6 Bb1 70. Kd6 Bc2 71. Ne3 Bb1 72. Ke7 Bd3 73. Nd5 Bf5 74. Nf6 Bd3 75. Ne8+ Kh7 76. Kf6 Bb1 77. Nd6 Bc2 78. Nc4 Bb1 79. Ne5 Bc2 80. Nd7 Kg8 81. Ne5 Kh7 82. Nf3 Bb1 83. Nd4 Bd3 84. Nb3 Bc2 85. Nc5 Bb1 86.
Ne6 Kg8 87. Nd4 Kh7 88. Nf3 Bc2 89. Kf7 Bb3+ 90. Kf8 Bc2 91. Nh2 Bf5 92. Nf3 Be4 93. Ne5 Bb1 94. Nd7 Bf5 95. Nf6+ Kh8 96. Kf7 Bc2 97. Ke7 Kg7 98. Ne8+ Kg8 99. Nc7 Kg7 100. Ne6+ Kg8 101. Kf6 Bb1 102. Nd4 Kh7 103. f5 gxf5 104. g6+ Kg8 105. g7 f4 106. Nf3 Ba2 107. Ne5 Bb1 108. Nf3 Ba2 109. Kg6 Bb1+ 110. Kh6 Be4 111. Ne5 Bf5 112. Nf3 Bg4 113. Nh2 Be2 114. Kg6 Bd3+ 115. Kh6 Be2 116. Kg6 Bd3+ 117. Kf6 Be2 118. Kg6 1/2-1/2

[Event "*** Titled Tuesday Blitz"]
[Site "Chess.com"]
[Date "2019.06.04"]
[Round "5"]
[White "raviteja81293"]
[Black "sergeikim"]
[Result "1-0"]
[WhiteElo "2581"]
[BlackElo "2391"]
[TimeControl "180+2"]
[EndTime "13:59:44 PDT"]
[Termination "raviteja81293 won by resignation"]

1. Nf3 Nf6 2. d4 g6 3. g3 Bg7 4.
Bg2 O-O 5. O-O d6 6. c4 Nbd7 7. Nc3 e5 8. dxe5 dxe5 9. Qb3 e4 10.
Ng5 Nc5 11. Qa3 Qd4 12. Be3 Qxc4 13. Qxc5 1-0

[Event "*** Titled Tuesday Blitz"]
[Site "Chess.com"]
[Date "2019.06.04"]
[Round "5"]
[White "vinniethepooh"]
[Black "Siemba"]
[Result "1-0"]
[WhiteElo "2571"]
[BlackElo "2078"]
[TimeControl "180+2"]
[EndTime "13:59:56 PDT"]
[Termination "vinniethepooh won by resignation"]

1. d4 Nf6 2. c4 g6 3. Nc3 Bg7 4. e4 d6 5. Nf3 O-O 6. Be2 e5 7. O-O Nc6 8. d5 Ne7 9. b4 a5 10. bxa5 Rxa5 11. a4 b6 12. Nd2 Nd7 13. Nb3 Ra8 14.
a5 c5 1-0

[Event "*** Titled Tuesday Blitz"]
[Site "Chess.com"]
[Date "2019.06.04"]
[Round "5"]
[White "WPWPWP-2015"]
[Black "MasterKroket"]
[Result "1-0"]
[WhiteElo "2450"]
[BlackElo "2351"]
[TimeControl "180+2"]
[EndTime "14:00:19 PDT"]
[Termination "WPWPWP-2015 won by resignation"]

1. e4 c5 2. Nf3 e6 3. b3 Nf6 4. e5 Nd5 5. Bb2 Nc6 6. Nc3 Nxc3 7. dxc3 d5 8. exd6 Bxd6 9. Qd2 Be7 10. Bd3 Bf6 11. O-O-O Qe7 12. g4 Ne5 13. Nxe5 Bxe5 14. Bb5+ Bd7 15. Qxd7+ 1-0

[Event "*** Titled Tuesday Blitz"]
[Site "Chess.com"]
[Date "2019.06.04"]
[Round "5"]
[White "oskariot"]
[Black "BigAl"]
[Result "0-1"]
[WhiteElo "2539"]
[BlackElo "2386"]
[TimeControl "180+2"]
[EndTime "14:00:30 PDT"]
[Termination "BigAl won by resignation"]

1. d4 Nf6 2. c4 g6 3. Nc3 Bg7 4. e4 O-O 5. f3 d6 6. Be3 a6 7. Qd2 Nc6 8. g3 e5 9. d5 Nd4 10. Nce2 c5 11. dxc6 bxc6 12. O-O-O c5 13. Kb1 Rb8 14. Nc3 a5 15. Nge2 Qb6 16. Bg2 Be6 17.
Nd5 Bxd5 18. cxd5 Rb7 19. Nc3 Rfb8 20. Ka1 Qxb2+ 21. Qxb2 Rxb2 22. Bxd4 0-1

[Event "*** Titled Tuesday Blitz"]
[Site "Chess.com"]
[Date "2019.06.04"]
[Round "5"]
[White "toog"]
[Black "flubs"]
[Result "1-0"]
[WhiteElo "2329"]
[BlackElo "2314"]
[TimeControl "180+2"]
[EndTime "14:01:00 PDT"]
[Termination "toog won by resignation"]

1. e4 c6 2. d4 d5 3. Nc3 dxe4 4. Nxe4 Nf6 5. Nxf6+ exf6 6. c3 Bf5 7. Bd3 Bxd3 8.
Qxd3 Bd6 9. Ne2 Qc7 10. Be3 Kd8 11. O-O-O Nd7 12. Ng3 g6 13. Kb1 Re8 14. Ne4 f5 15.
Nxd6 Qxd6 16. g3 Nf6 17. Bf4 Qd5 18. Bg5 Re6 19. Rhe1 Kd7 20. Rxe6 Qxe6 21. Bxf6 Qxf6 22. d5 c5 23. Qb5+ Kd8 24. Qxb7 Rc8 25. d6 Qe6 26. d7 1-0

[Event "*** Titled Tuesday Blitz"]
[Site "Chess.com"]
[Date "2019.06.04"]
[Round "5"]
[White "aa175"]
[Black "el-reptiliano"]
[Result "0-1"]
[WhiteElo "2003"]
[BlackElo "2190"]
[TimeControl "180+2"]
[EndTime "14:01:05 PDT"]
[Termination "el-reptiliano won by resignation"]

1. d4 d5 2. Bf4 Nf6 3. e3 e6 4. Nd2 Bd6 5. Bg3 c5 6. c3 Nc6 7.
Bd3 Bxg3 8. hxg3 e5 9. dxe5 Nxe5 10. Ngf3 Nxd3+ 11. Kf1 O-O 12. b3 Ne4 13. Qc2 Ndxf2 14.
Rh2 Bf5 15. g4 Ng3+ 0-1

[Event "*** Titled Tuesday Blitz"]
[Site "Chess.com"]
[Date "2019.06.04"]
[Round "5"]
[White "PotapovaM"]
[Black "ruvat"]
[Result "1-0"]
[WhiteElo "2513"]
[BlackElo "2365"]
[TimeControl "180+2"]
[EndTime "14:01:08 PDT"]
[Termination "PotapovaM won by resignation"]

1. d4 d6 2. e4 Nf6 3. Nc3 g6 4. Bg5 Bg7 5. e5 Nfd7 6. exd6 cxd6 7. Nf3 O-O 8. Be2 Nf6 9. O-O Nc6 10. Qd2 Bg4 11.
Rfe1 Rc8 12. h3 Bxf3 13. Bxf3 Re8 14. Rad1 Na5 15. b3 Qc7 16. Nb5 Qb6 17. c4 a6 18.
Nc3 Qc7 19. Bxf6 exf6 20. Nd5 Qd8 21. Rxe8+ Qxe8 22. Qxa5 1-0

[Event "*** Titled Tuesday Blitz"]
[Site "Chess.com"]
[Date "2019.06.04"]
[Round "5"]
[White "kasparicy"]
[Black "fm_magua"]
[Result "0-1"]
[WhiteElo "2344"]
[BlackElo "2490"]
[TimeControl "180+2"]
[EndTime "14:01:21 PDT"]
[Termination "fm_magua won by resignation"]

1. e4 c5 2. Nf3 Nc6 3. d4 cxd4 4.
Nxd4 e5 5. Ne2 Nf6 6. Nbc3 Bb4 7. a3 Bc5 8. Ng3 O-O 9. h4 h6 10. Bc4 d6 11. Qe2 Nd4 12. Qd3 Be6 13. Bxe6 fxe6 14.
Be3 Ng4 15. Bxd4 exd4 16. Nce2 Nxf2 17. Qb3 Nxh1 18. Qxe6+ Kh8 19. Nxh1 Qxh4+ 20. Nhg3 Rae8 21. Qd5 d3 0-1

[Event "*** Titled Tuesday Blitz"]
[Site "Chess.com"]
[Date "2019.06.04"]
[Round "5"]
[White "Indianlad"]
[Black "yuki_chess123"]
[Result "1-0"]
[WhiteElo "2863"]
[BlackElo "2172"]
[TimeControl "180+2"]
[EndTime "14:01:27 PDT"]
[Termination "Indianlad won by resignation"]

1. d4 g6 2. e4 Bg7 3. Nf3 c6 4. c4 d6 5. Nc3 Nd7 6. Be2 e5 7. O-O Ngf6 8. Be3 O-O 9. dxe5 dxe5 10. h3 Re8 11. c5 Qe7 12. b4 Qf8 13. Nd2 Bh6 14. Nc4 Bxe3 15. fxe3 Qh6 16. Rf3 Re6 17. Nd6 a5 18. Bc4 axb4 19. Bxe6 fxe6 20. Ne2 Ra3 21. Qd2 Qf8 22. Qxb4 Ra8 23. Raf1 Qe7 24. Nc3 Ne8 25. Rf7 1-0

[Event "*** Titled Tuesday Blitz"]
[Site "Chess.com"]
[Date "2019.06.04"]
[Round "5"]
[White "Naruto-K"]
[Black "Quiet_Desperation"]
[Result "1-0"]
[WhiteElo "2402"]
[BlackElo "2427"]
[TimeControl "180+2"]
[EndTime "14:01:38 PDT"]
[Termination "Naruto-K won by checkmate"]

1. Nf3 Nf6 2. d4 e6 3. e3 b6 4. Bd3 Bb7 5. Nbd2 Be7 6. b3 O-O 7. Bb2 d5 8. Qe2 Nbd7 9. Ne5 Re8 10. f4 c5 11. O-O a6 12. Qf3 Qc8 13. f5 c4 14. fxe6 fxe6 15. Bxh7+ Nxh7 16. Qf7+ Kh8 17. Ng6# 1-0

[Event "*** Titled Tuesday Blitz"]
[Site "Chess.com"]
[Date "2019.06.04"]
[Round "5"]
[White "vladimirdamjanovic"]
[Black "NoGalloNoParty"]
[Result "1-0"]
[WhiteElo "2491"]
[BlackElo "2352"]
[TimeControl "180+2"]
[EndTime "14:02:06 PDT"]
[Termination "vladimirdamjanovic won by resignation"]

1. e4 c5 2. Nf3 d6 3. d4 cxd4 4. Nxd4 Nf6 5. Nc3 a6 6. Qf3 e5 7.
Nf5 d5 8. exd5 Bxf5 9. Qxf5 Bd6 10. Bg5 Nbd7 11. O-O-O Rc8 12. Ne4 Qb6 13. Bxf6 Nxf6 14. Qxc8+ 1-0

[Event "*** Titled Tuesday Blitz"]
[Site "Chess.com"]
[Date "2019.06.04"]
[Round "5"]
[White "Jadeit90"]
[Black "Bad4life"]
[Result "0-1"]
[WhiteElo "2377"]
[BlackElo "2452"]
[TimeControl "180+2"]
[EndTime "14:02:06 PDT"]
[Termination "Bad4life won by resignation"]

1. e4 d6 2. d4 Nf6 3. Nc3 g6 4. f3 Bg7 5. Be3 O-O 6. Qd2 Nbd7 7. O-O-O c5 8. g4 cxd4 9. Bxd4 e5 10. Be3 d5 11. exd5 e4 12. g5 Nh5 13. fxe4 Ne5 14. Be2 Qa5 15. Kb1 Bd7 16. Nf3 Ng4 17. Bd4 Rfc8 18.
Bxg7 Nxg7 19. Rhf1 b5 20. e5 Nf5 21. h3 Nge3 22. Ne4 b4 23. Nf6+ Kh8 24. Nxd7 Rxc2 25. Qxc2 Nxc2 26. Kxc2 Ne3+ 27. Kb1 Qc7 28. Nf6 Qc2+ 29.
Ka1 Qxe2 30. Rfe1 Qxf3 31. Rd3 Nc2+ 0-1

[Event "*** Titled Tuesday Blitz"]
[Site "Chess.com"]
[Date "2019.06.04"]
[Round "5"]
[White "GHANDEEVAM2003"]
[Black "HansCoolNiemann"]
[Result "1-0"]
[WhiteElo "2936"]
[BlackElo "2700"]
[TimeControl "180+2"]
[EndTime "14:02:20 PDT"]
[Termination "GHANDEEVAM2003 won by resignation"]

1. d4 Nf6 2. Bg5 g6 3. Bxf6 exf6 4. e3 Bg7 5. Nf3 O-O 6. c4 f5 7. Be2 d6 8. O-O g5 9. Nc3 g4 10. Ne1 Nd7 11. g3 Nf6 12. Ng2 h5 13. f3 Re8 14.
Qd3 Bh6 15. Rae1 Bd7 16. e4 fxe4 17. fxe4 Nh7 18. Nf4 Qg5 19. Bd1 c6 20. Bc2 Nf8 21. e5 dxe5 22. Ne4 Qf5 23. Nxh5 Qe6 24. Nef6+ Kh8 25. Nxe8 Rxe8 26. Rf6 e4 27. Rxe6 1-0

[Event "*** Titled Tuesday Blitz"]
[Site "Chess.com"]
[Date "2019.06.04"]
[Round "5"]
[White "Spring199"]
[Black "mjray79"]
[Result "1-0"]
[WhiteElo "2213"]
[BlackElo "2100"]
[TimeControl "180+2"]
[EndTime "14:02:21 PDT"]
[Termination "Spring199 won by resignation"]

1. d4 Nf6 2. c4 g6 3. Nc3 Bg7 4. e4 d6 5. Nge2 a6 6. Ng3 c6 7.
Be2 b5 8. O-O O-O 9. a4 b4 10. Nb1 Nbd7 11. Nd2 Bb7 12. Nb3 e5 13. dxe5 Nxe5 14. Be3 c5 15. Qd2 Nxe4 16. Nxe4 Bxe4 17. Rfd1 Re8 18. Qxd6 Bc2 19. Qxd8 Raxd8 20. Rxd8 Rxd8 21.
Nxc5 Nd3 22. Nxd3 Bxd3 23. Rd1 Bxe2 1-0

[Event "*** Titled Tuesday Blitz"]
[Site "Chess.com"]
[Date "2019.06.04"]
[Round "5"]
[White "vohiraa"]
[Black "CookiesAndIceCream"]
[Result "0-1"]
[WhiteElo "2306"]
[BlackElo "2386"]
[TimeControl "180+2"]
[EndTime "14:02:44 PDT"]
[Termination "CookiesAndIceCream won by resignation"]

1. e4 e6 2. d4 d5 3. Nc3 Nf6 4. e5 Nfd7 5. f4 c5 6. Nf3 Nc6 7. Be3 a6 8. Qd2 b5 9. a3 Qa5 10.
Ra2 Qb6 11. Be2 b4 12. Na4 Qa5 13. Nxc5 Nxc5 14. dxc5 Bxc5 15. Nd4 Nxd4 16. Bxd4 Bxd4 17. Qxd4 b3+ 18. Kf2 bxa2 19. b4 Qxa3 20. b5 Bd7 21. b6 O-O 22. Ra1 Rab8 23. Bd3 Rfc8 24. c4 dxc4 25. Bc2 c3 26. Qxd7 Qb2 27. Qd3 g6 28.
Qd1 Rxb6 0-1

[Event "*** Titled Tuesday Blitz"]
[Site "Chess.com"]
[Date "2019.06.04"]
[Round "5"]
[White "x-5963514717"]
[Black "26andrej26"]
[Result "1-0"]
[WhiteElo "2492"]
[BlackElo "2507"]
[TimeControl "180+2"]
[EndTime "14:02:49 PDT"]
[Termination "x-5963514717 won by resignation"]

1. Nf3 Nf6 2. g3 g6 3. Bg2 Bg7 4. O-O O-O 5. d4 d6 6. b3 a5 7.
Bb2 a4 8. c4 axb3 9. axb3 Rxa1 10. Bxa1 d5 11. cxd5 Qxd5 12. Ne5 Qd8 13. Nd2 Nd5 14.
Ndc4 b5 15. Na5 Qd6 16. Qd2 Rd8 17. Rc1 Be6 18. Nb7 Qb6 19. Nxd8 1-0

[Event "*** Titled Tuesday Blitz"]
[Site "Chess.com"]
[Date "2019.06.04"]
[Round "5"]
[White "SimonKnightRivendell"]
[Black "ZenBull"]
[Result "1/2-1/2"]
[WhiteElo "2028"]
[BlackElo "2094"]
[TimeControl "180+2"]
[EndTime "14:02:55 PDT"]
[Termination "Game drawn by repetition"]

1. d4 Nf6 2. c4 e6 3. Nf3 d5 4. g3 Be7 5. Bg2 O-O 6. O-O dxc4 7.
Ne5 Nbd7 8. Nxc4 Rb8 9. Nc3 b6 10. e4 Bb7 11. Re1 Re8 12. Bf4 Rc8 13. e5 Nd5 14. Nxd5 Bxd5 15. Bxd5 exd5 16. Ne3 Nf8 17. a3 g5 18. Nf5 gxf4 19. Qg4+ Ng6 20. Nh6+ Kg7 21.
Nf5+ Kh8 22. gxf4 Rg8 23. Nh6 Rg7 24. Nf5 Rg8 25. Nh6 Rg7 26. Nf5 Rg8 1/2-1/2

[Event "*** Titled Tuesday Blitz"]
[Site "Chess.com"]
[Date "2019.06.04"]
[Round "5"]
[White "Ginger_GM"]
[Black "Meharchinnareddy"]
[Result "1-0"]
[WhiteElo "2552"]
[BlackElo "2631"]
[TimeControl "180+2"]
[EndTime "14:03:05 PDT"]
[Termination "Ginger_GM won by resignation"]

1. d4 d5 2. c4 c6 3. Nc3 Nf6 4.
Nf3 a6 5. Qc2 g6 6. Bf4 Bg7 7.
e3 O-O 8. cxd5 cxd5 9. Bd3 Nc6 10. a3 Bg4 11. Ne5 Rc8 12. O-O Be6 13. Rac1 Nd7 14.
Nxd7 Bxd7 15. Qb3 e6 16. Qxb7 Na5 17. Qb4 Nc4 18. Bxc4 Rxc4 19. Qd6 Qc8 20. Na2 Bb5 21. Rxc4 Qxc4 22. Ra1 Rc8 23. h4 Qb3 24. Qb4 Qc2 25.
Rc1 Qxc1+ 26. Nxc1 Rxc1+ 27. Kh2 Bf8 28. Qa5 Rc2 29. Qd8 1-0

[Event "*** Titled Tuesday Blitz"]
[Site "Chess.com"]
[Date "2019.06.04"]
[Round "5"]
[White "Barcelona_Guy"]
[Black "JozefKneht"]
[Result "1-0"]
[WhiteElo "2689"]
[BlackElo "2511"]
[TimeControl "180+2"]
[EndTime "14:03:16 PDT"]
[Termination "Barcelona_Guy won by checkmate"]

1. d4 d5 2. c4 c6 3. Nf3 Nf6 4.
e3 Bf5 5. Nc3 e6 6. Nh4 Bg6 7.
Nxg6 hxg6 8. Be2 Nbd7 9. O-O Bd6 10. g3 Qe7 11. Rb1 O-O 12. c5 Bc7 13. f4 b6 14. b4 a5 15. a3 axb4 16. axb4 bxc5 17. bxc5 Rfb8 18. Bd2 Ne4 19. Nxe4 dxe4 20. Qc2 f5 21. Bc4 Nf6 22. Rxb8+ Rxb8 23. Rb1 Nd5 24. Rxb8+ Bxb8 25. Qa4 Qa7 26. Qxc6 Qa1+ 27. Kg2 Qb2 28. Qxe6+ Kh7 29.
Bxd5 Qxd2+ 30. Kh3 Kh6 31. Qg8 g5 32. fxg5+ Kxg5 33. Qxg7+ Kh5 34. Bf7# 1-0